 Dungeon Crawl Stone Soup version 0.21-a0-401-g0b6bec4 (webtiles) character file.

23 KristoblXynda the Conjurer (level 2, 0/15 HPs)
             Began as a Tengu Conjurer on Oct 25, 2017.
             Slain by an adder (5 damage)
             ... on level 2 of the Dungeon.
             The game lasted 00:01:42 (811 turns).

KristoblXynda the Conjurer (Tengu Conjurer)          Turns: 811, Time: 00:01:42

Health: 0/15       AC:  2    Str:  8    XL:     2   Next: 95%
Magic:  5/6        EV: 12    Int: 15    God:
Gold:   161        SH:  0    Dex: 14    Spells: 4/5 levels left

rFire    . . .     SeeInvis .   f - +2 dagger (venom)
rCold    . . .     Gourm    .   (no shield)
rNeg     . . .     Faith    .   a - +0 robe
rPois    .         Spirit   .   q - +0 hat
rElec    .         Reflect  .   (no cloak)
rCorr    .         Harm     .   (no gloves)
MR       .....                  (boots unavailable)
Stlth    ++........             (no amulet)
HPRegen  0.05/turn              (no ring)
MPRegen  0.10/turn              (no ring)

@: no status effects
A: beak, talons 3
a: no special abilities


You were on level 2 of the Dungeon.
You were not hungry.

You visited 1 branch of the dungeon, and saw 2 of its levels.

You collected 161 gold pieces.

Inventory:

Hand Weapons
 f - a +2 dagger of venom (weapon)
Armour
 a - a +0 robe (worn)
 q - a +0 hat (worn)
Scrolls
 d - a scroll of teleportation {unknown}
 i - a scroll of recharging {unknown}
 l - 2 scrolls of amnesia {unknown}
 m - a scroll of remove curse {unknown}
 n - a scroll of magic mapping {unknown}
 p - 2 scrolls of enchant armour {unknown}
Potions
 e - a potion of resistance {unknown}
 h - a potion of curing {unknown}
 j - a potion of haste {unknown}
 k - a potion of agility {unknown}
 o - a potion of heal wounds {unknown}
 r - a potion of might {unknown}
Books
 b - a book of Conjurations

   Spells                             Type                      Level
   a - Magic Dart                     Conjuration                  1
   b - Searing Ray                    Conjuration                  2
   c - Dazzling Spray                 Conjuration/Hexes            3
   d - Fulminant Prism                Conjuration/Hexes            4
   e - Force Lance                    Conjuration/Translocation    4
   f - Iskenderun's Mystic Blast      Conjuration                  4
Comestibles
 c - a bread ration
 g - a royal jelly
 s - a meat ration


   Skills:
 + Level 1.0 Short Blades
 - Level 2.1 Dodging
 - Level 2.0 Stealth
 + Level 2.4 Spellcasting
 + Level 5.8 Conjurations


You had 4 spell levels left.
You knew the following spells:

 Your Spells              Type           Power        Failure   Level  Hunger
a - Magic Dart            Conj           ###.         1%          1    #......


Dungeon Overview and Level Annotations

Branches:
Dungeon (2/15)

Altars:


Innate Abilities, Weirdness & Mutations

You have a beak for a mouth.
You have claws for feet.


Message History

Sorry, you're not good enough to have a special ability.
Unknown command.
Casting: Magic Dart
Confirm with . or Enter, or press ? or * to list all spells.
Aiming: Magic Dart
Press: ? - help, Shift-Dir - straight line, f - adder
Aim: an adder The magic dart hits the adder.
The adder is heavily wounded.
The adder bites you.
You closely miss the adder. Your peck misses the adder.
The adder is heavily wounded.
The adder closely misses you.
You closely miss the adder.
The adder is heavily wounded.
The adder completely misses you.
You closely miss the adder.
The adder is heavily wounded.
The adder bites you.
You die...

#.##.#.# #.# ..##
#....#.# #.# ...#
#..###.# #.#
####... #......#
#.# ..##.. ##.#####
#.# ...#.# #.# #.#
#..#.# #.# #.##
##.##.######.# #...
..####..#..)S@....#
####
#.....)...#########
......##### #####


You could see an adder.

Vanquished Creatures
  A dart slug (D:1)
  2 giant cockroaches
  3 goblins
  4 hobgoblins
  4 kobolds
  A bat (D:1)
  3 frilled lizards
  2 rats (D:1)
  A fungus (D:1)
21 creatures vanquished.

Notes
Turn   | Place    | Note
-------+----------+-------------------------------------------
     0 | D:1      | KristoblXynda the Tengu Conjurer began the quest for the Orb.
     0 | D:1      | Reached XP level 1. HP: 10/10 MP: 4/4
   270 | D:1      | Reached XP level 2. HP: 15/15 MP: 1/6
   804 | D:2      | Reached skill level 1 in Short Blades
   811 | D:2      | Slain by an adder

Vault maps used:
D:1:      minmay_arrival_wavy_path, minmay_gold_behind_fungi
D:2:      minmay_close_crescents

Skill      XL: |  1  2 |
---------------+-------+-----
Short Blades   | 1 |  1.0
Dodging        | |  2.1
Stealth        | |  2.0
Spellcasting   | |  2.4
Conjurations   | |  5.8

Action                   || total
-------------------------++-------
Melee: Dagger            ||    29
       Kick              ||     6
       Peck              ||     3
 Cast: Magic Dart        ||    18
 Stab: Sleeping          ||     2
Armor: Robe              ||     1
Dodge: Dodged            ||    10

Table legend:
 A = Spawn XP
 B = Non-spawn XP
 C = Spawn XP percentage of total XP
 D = Spawn monster count
 E = Non-spawn monster count
 F = Spawn count percentage of total count
 G = Total turns spent on level
                    A         B        C        D         E        F      G
               +---------+---------+-------+---------+---------+-------+---------
         Total |       0 |      33 |   0.0 |       0 |      20 |   0.0 |   811
               +---------+---------+-------+---------+---------+-------+---------
           D:1 |       0 |      20 |   0.0 |       0 |      12 |   0.0 |   698
           D:2 |       0 |      13 |   0.0 |       0 |       8 |   0.0 |   113
               +---------+---------+-------+---------+---------+-------+---------
